 Dungeon Crawl Stone Soup version 0.30-a0-263-ge22c4ad894 (webtiles) character file.

Game seed: 9206854015540737375

0 blackman the Sneak (level 1, -1/18 HPs)
             Began as a Human Delver on Oct 13, 2022.
             Slain by an iguana (11 damage)
             ... on level 5 of the Dungeon.
             The game lasted 00:01:07 (59 turns).

blackman the Sneak (Human Delver)                     Turns: 59, Time: 00:01:08

Health: -1/18      AC:  3    Str: 12    XL:     1   Next: 0%
Magic:  1/1        EV: 12    Int: 10    God:
Gold:   0          SH:  0    Dex: 14    Spells: 0/0 levels left

rFire   . . .      SeeInvis .    a - +0 falchion
rCold   + . .      Faith    .    (no shield)
rNeg    . . .      Spirit   .    d - +1 robe "Qaxozam" {Drain rPois rC+ Slay+2}
rPois   +          Reflect  .    (no helmet)
rElec   .          Harm     .    (no cloak)
rCorr   .          Rampage  .    (no gloves)
Will    .....                    (no boots)
Stlth   +++.......               (no amulet)
HPRegen 0.23/turn                (no ring)
MPRegen 0.07/turn                (no ring)

@: no status effects
A: no striking features
a: no special abilities


You were on level 5 of the Dungeon.
You visited 1 branch of the dungeon, and saw 1 of its levels.

Inventory:

Hand Weapons
 a - a +0 falchion (weapon)
Armour
 b - a +0 leather armour
 d - the +1 robe "Qaxozam" (worn) {Drain rPois rC+ Slay+2}
   (You found it on level 5 of the Dungeon)

   Slay:      It affects your accuracy & damage with ranged weapons and melee
   (+2).
   rC:        It protects you from cold.
   rPois:     It protects you from poison.
   Drain:     It drains your maximum health when unequipped.
Wands
 g - a wand of digging (3)
Scrolls
 c - a scroll of fog
 e - a scroll of fear
 h - a scroll of identify {unknown}
Potions
 f - a potion of haste


   Skills:
 - Level 3.0 Fighting
 + Level 2.0 Long Blades
 - Level 2.0 Dodging
 - Level 5.0 Stealth


You couldn't memorise any spells.
You didn't know any spells.
Your spell library was empty.

Dungeon Overview and Level Annotations

Branches:
Dungeon (5/15)
 Temple: D:4-7

Altars:


Message History

Welcome, blackman the Human Delver.
If you return without finding the Orb of Zot, so far below, it's all over!
Press ? for a list of commands and other information.
Found a robe.
Found a stone staircase leading down.
Unknown command.
As you read the scroll of magic mapping, it crumbles to dust.
You feel aware of your surroundings.
You sensed 2 altars.
Unknown command.
An orc comes into view. It is wielding a +0 whip.
A phantom comes into view.
Really walk into that teleport trap?
You enter a teleport trap!
The teleport trap disappears.
Your surroundings suddenly seem different.
Found a scroll labelled AWOQIO ATWEIXU and a brightly glowing robe.
You see here the +1 robe "Qaxozam" {Drain rPois rC+ Slay+2}.
You see here the +1 robe "Qaxozam" {Drain rPois rC+ Slay+2}.
d - the +1 robe "Qaxozam" {Drain rPois rC+ Slay+2}
h - a scroll labelled AWOQIO ATWEIXU
There are no items here.
You start removing your armour.
You continue taking off your +0 leather armour. x4
You finish taking off your +0 leather armour.
You start putting on your armour.
You continue putting on the +1 robe "Qaxozam" {Drain rPois rC+ Slay+2}. x5
You finish putting on the +1 robe "Qaxozam" {Drain rPois rC+ Slay+2}.
An iguana comes into view.
The iguana hisses angrily.
The iguana bites you!
You hit the iguana.
The iguana is moderately wounded.
The iguana bites you!
Ouch! That really hurt!
You die...

*,,,,,,,,,,,,....,,,,,........#.#
,,,,,,,,,,,,,*********#####..>#,#
,,,,,,,,,,,,,*,~,~~,,~~#......#,*
,,,,,,,,,*******#####**#......#,*
,,,,,,,,,,,,* #~~.# #.......,,
,,,,,,,,,**,* ##########.....###*
,,,,,,,,,**,* #................,,
,,,,,,,,,**,* #.####.........#***
,,,,,,,,,**,* #.@l##.........# *
,,,,,,,,,**,**###.##.........# *
,,,,,,,,,**,,,,,*.##.........# *
,,,,,,,,,******,,.##.........#***
,,,,,,,,,* ***.##............,
,,,,,,,,,* *.##.........###*
********** *###.........# *
#.........# * ########### *


You could see an iguana.

Vanquished Creatures (others)
  4 fungi (D:5)
4 creatures vanquished.

Notes
Turn   | Place    | Note
-------+----------+-------------------------------------------
     0 | D:5      | blackman the Human Delver began the quest for the Orb.
     0 | D:5      | Reached XP level 1. HP: 18/18 MP: 1/1
    19 | D:5      | Noticed a phantom
    31 | D:5      | Identified the +1 robe "Qaxozam" {Drain rPois rC+ Slay+2}
    56 | D:5      | Noticed an iguana
    59 | D:5      | Slain by an iguana

Illustrated notes

Levels and vault maps discovered:
D:5:      layout_basic, mainiacjoe_overflow_alcove_2,
          nicolae_yredelemnul_corpse_copse, serial_aquarium,
          aquarium_bridge_long_separate [aquarium_subvault_window,
          aquarium_subvault_bridge, aquarium_subvault_wall,
          aquarium_subvault_bridge, aquarium_subvault_window,
          aquarium_subvault_window], aquarium_bridge_square
          [aquarium_subvault_window, aquarium_subvault_bridge,
          aquarium_subvault_bridge, aquarium_subvault_bridge],
          aquarium_window_fake, aquarium_window_fake, aquarium_window_2,
          aquarium_view_2d, uniq_duvessa

Action                   || total
-------------------------++-------
Melee: Falchion          ||     1
  Use: Scroll            ||     1

Table legend: (Time is in decaauts)
 A = Elapsed time spent in this place.
 B = Non-inter-level travel time spent in this place.
 C = Inter-level travel time spent in this place.
 D = Time resting spent in this place.
 E = Time spent auto-exploring this place.
 F = Levels seen in this place.
 G = Mean time per level.
                   A        B        C        D        E       F      G
               +--------+--------+--------+--------+--------+-----+--------+
         Total |     59 |     59 |      0 |      0 |      0 |   1 |   59.0 |
       Dungeon |     59 |     59 |      0 |      0 |      0 |   1 |   59.0 |
               +--------+--------+--------+--------+--------+-----+--------+

Top non-repeatable levels by time:
     D:5: 59 daAuts
